 Dungeon Crawl Stone Soup version 0.31-a0-217-g58bb5d79cf (webtiles) character file.

Game seed: 17583394654446693952

2272 qw the Skirmisher (level 9, -2/55 HPs)
             Began as a Gargoyle Hexslinger on July 2, 2023.
             Was a Follower of Okawaru.
             Slain by a wraith (9 damage)
             ... on level 7 of the Dungeon.
             The game lasted 00:02:04 (5099 turns).

qw the Skirmisher (Gargoyle Hexslinger)             Turns: 5099, Time: 00:02:04

Health: -2/55      AC: 14    Str: 16    XL:     9   Next: 38%
Magic:  21/21      EV: 13    Int: 11    God:    Okawaru [*.....]
Gold:   237        SH:  0    Dex: 19    Spells: 9/10 levels left

rFire   + + .        n - +0 orcbow
rCold   + . .        (shield currently unavailable)
rNeg    + . .        a - +2 leather armour of Starshine {rF+ MP+9 Dex+3}
rPois   inf          l - +0 helmet
rElec   +            (no cloak)
rCorr   +            g - +2 pair of gloves
SInv    +            k - +1 pair of boots
Will    .....        (no amulet)
Stlth   +            c - ring of see invisible
HPRegen 0.29/turn    d - ring of Mochooxt {rElec rCorr Str+3}
MPRegen 0.17/turn

%: clarity
@: resistant, corroded, slowed, very slow
A: sickness immunity, AC +6, negative energy resistance 1, electricity
resistance, torment resistance 1, petrification resistance, clarity, dopey 1
a: Renounce Religion, Heroism


You were on level 7 of the Dungeon.
You worshipped Okawaru.
Okawaru was aware of your devotion.
You visited 2 branches of the dungeon, and saw 8 of its levels.

You collected 237 gold pieces.


Innate Abilities, Weirdness & Mutations

You are immune to sickness and miasma.
Your stone body is resilient. (AC +6)
You are immune to poison.
You resist negative energy. (rN+)
You are resistant to electric shocks. (rElec)
You are resistant to unholy torment.
You are immune to petrification.
You possess an exceptional clarity of mind.
You are dopey. (Int -2)


   Skills:
 - Level 6.0 Fighting
 + Level 9.5 Ranged Weapons
 - Level 2.5 Armour
 - Level 3.0 Dodging
 - Level 1.0 Spellcasting
 - Level 2.6 Hexes
 - Level 4.0 Invocations


You had 9 spell levels left.
You knew the following spells:

 Your Spells              Type           Power      Damage    Failure   Level
a - Slow                  Hex            24%        N/A       13%         1

Your spell library contained the following spells:

 Spells                   Type           Power      Damage    Failure   Level
 Inner Flame              Hex/Fire       3%         N/A       54%         3
 Portal Projectile        Hex/Tloc       6%         N/A       54%         3
 Cause Fear               Hex            3%         N/A       77%         4

Inventory:

Hand Weapons
 n - a +0 orcbow (weapon)
Armour
 a - the +2 leather armour of Starshine (worn) {rF+ MP+9 Dex+3}
   (You found it on level 4 of the Dungeon)

   Dex:       It affects your dexterity (+3).
   rF:        It protects you from fire.
   MP:        It affects your magic capacity (+9).
 g - a +2 pair of gloves (worn)
 k - a +1 pair of boots (worn)
 l - a +0 helmet (worn)
Jewellery
 c - a ring of see invisible (left hand)
 d - the ring of Mochooxt (right hand) {rElec rCorr Str+3}
   (You acquired it on level 3 of the Dungeon)

   [ring of resist corrosion]

   Str:       It affects your strength (+3).
   rElec:     It insulates you from electricity.
   rCorr:     It protects you from acid and corrosion.
 e - a ring of see invisible
Scrolls
 f - 3 scrolls of identify
Potions
 b - 3 potions of curing
 i - 2 potions of mutation
 m - 2 potions of enlightenment

Dungeon Overview and Level Annotations

Branches:
Dungeon (7/15)             Temple (1/1) D:4

Altars:
Dithmenos
Elyvilon
Gozag
Makhleb
Okawaru
Qazlal
Ru
Vehumet
Wu Jian
Yredelemnul
The Shining One


Message History

The kobold demonologist is heavily wounded.
The kobold demonologist hits you with a +0 dagger.
The wraith hits you but does no damage. The wraith barely misses you.
The kobold demonologist gestures wildly while chanting.
You shoot an arrow.
The arrow completely misses the kobold demonologist.
The kobold demonologist mumbles some strange words.
The wraith barely misses you.
You shoot an arrow.
The arrow misses the kobold demonologist.
The kobold demonologist hits you but does no damage.
The wraith misses you. The rust devil barely misses you.
You shoot an arrow.
The arrow hits the kobold demonologist but does no damage.
The kobold demonologist is heavily wounded.
The kobold demonologist miscasts a cantrip.
The wraith closely misses you. The chaos spawn completely misses you.
The rust devil hits you.
You shoot an arrow. The arrow hits the kobold demonologist.
The kobold demonologist is heavily wounded.
The kobold demonologist zaps a wand.
Your will is overpowered!
You feel momentarily confused. The wraith hits you but does no damage.
The chaos spawn gibbers incoherently in a cacophony of voices.
The chaos spawn gores you.
You feel protected. The rust devil hits you! The rust devil corrodes you!
The wraith misses you.
The kobold demonologist closely misses you.
You shoot an arrow. The arrow hits the kobold demonologist.
The kobold demonologist is severely wounded.
The chaos spawn hits you but does no damage.
The rust devil closely misses you.
The kobold demonologist looks braver for a moment.
The wraith barely misses you. The chaos spawn completely misses you.
You shoot an arrow. The arrow hits the kobold demonologist.
The kobold demonologist is severely wounded.
You feel like a meek peon again. The rust devil closely misses you.
The kobold demonologist zaps a wand.
You easily resist.
The wraith hits you!
You die...

#.. ... ## ..
#.. ##. .. #..#
##....# ..#
##...#.#..###
..#..$4#K#....$
.......@W.....#
#.....#4.#.###.
.. ..... #..#
#.. .... #..##
#..# ... #...##
#.. .. #.#..##
... .
#.##..###.###..
#####.........#
######.####..#


You could see a rust devil (summoned), a kobold demonologist, a chaos spawn
(summoned) and a wraith.

Vanquished Creatures
  Pikel (D:5)
  A hornet (D:7)
  Menkaure (D:5)
  2 water moccasins (D:7)
  An ice beast (D:6)
  An orc warrior (D:6)
  A black bear (D:4)
  2 ogres (D:5)
  A centaur (D:6)
  2 lemures (D:5)
  A bullfrog (D:7)
  A jelly (D:5)
  A gnoll bouda (D:6)
  3 hounds
  2 orc priests
  4 sleepcaps
  3 iguanas
  3 orc wizards (D:5)
  7 gnolls
  9 adders
  An ufetubus (D:5)
  3 worms
  5 dart slugs
  15 orcs
  5 endoplasms
  4 giant cockroaches
  7 goblins
  6 hobgoblins
  5 quokkas
  8 ball pythons
  2 bats (D:1)
  5 frilled lizards
  2 kobolds
  4 rats
119 creatures vanquished.

Notes
Turn   | Place    | Note
-------+----------+-------------------------------------------
     0 | D:1      | qw the Gargoyle Hexslinger began the quest for the Orb.
     0 | D:1      | Reached XP level 1. HP: 12/12 MP: 2/2
     0 | D:1      | 0 ||| qw: Version: 0.3-a-40-ge99b1a8
     0 | D:1      | 0 ||| qw: Game counter: 174
     0 | D:1      | 0 ||| qw: Melee chars always use a shield: true
     0 | D:1      | 0 ||| qw: God list: Okawaru
     0 | D:1      | 0 ||| qw: Allow faded altars: false
     0 | D:1      | 0 ||| qw: Do Orc after clearing Dungeon:15 true
     0 | D:1      | 0 ||| qw: Do second Lair branch before Depths: true
     0 | D:1      | 0 ||| qw: Lair rune preference: random
     0 | D:1      | 0 ||| qw: Goals: Normal
     0 | D:1      | 0 ||| PLANNING D:1-11
   274 | D:1      | Reached XP level 2. HP: 16/16 MP: 3/3
   450 | D:1      | Reached skill level 3 in Ranged Weapons
   713 | D:1      | 713 ||| UPGRADING to +0 ring mail.
   723 | D:1      | 723 ||| DROPPING +0 robe.
   724 | D:1      | 724 ||| UPGRADING to +1 pair of gloves.
   729 | D:1      | 729 ||| UPGRADING to +1 pair of boots.
   734 | D:1      | 734 ||| DROPPING scarf of invisibility.
   735 | D:1      | 735 ||| READING 2 scrolls labelled MAGUCS FYGELUM.
   740 | D:1      | 740 ||| READING scroll labelled YCILOSEOVI.
   741 | D:1      | 741 ||| READING scroll labelled EKOAHI UTROLUIN.
   742 | D:1      | 742 ||| READING scroll labelled PIVATO ROPENIA.
   743 | D:1      | 743 ||| READING 2 scrolls labelled DESIOKH ADAYLI.
   744 | D:1      | 744 ||| DROPPING scroll of poison.
   836 | D:2      | Reached XP level 3. HP: 16/21 MP: 4/4
   894 | D:2      | Reached skill level 1 in Armour
   952 | D:2      | Found a faded altar of an unknown god.
  1385 | D:2      | 1385 ||| UPGRADING to ring of see invisible.
  1386 | D:2      | 1386 ||| DROPPING +6 ring of intelligence.
  1387 | D:2      | 1387 ||| READING scroll labelled YTZACEPPO MUFF.
  1418 | D:3      | Reached XP level 4. HP: 26/26 MP: 5/5
  1633 | D:3      | Reached skill level 4 in Ranged Weapons
  1700 | D:3      | 1700 ||| FLEEEEING.
  1702 | D:3      | 1702 ||| STAIRDANCE
  1713 | D:2      | 1713 ||| READING scroll labelled KOIXZI OMINUUN.
  1714 | D:2      | 1714 ||| READING scroll labelled COATIE POZUPPO.
  1715 | D:2      | 1715 ||| READING scroll labelled ROAVEO NOOSE.
  1816 | D:2      | 1816 ||| DRINKING 2 fuming yellow potions.
  1817 | D:2      | 1817 ||| DRINKING 2 cyan potions.
  1817 | D:2      | Gained mutation: You are dopey. (Int -2) [potion of
                  | mutation]
  1817 | D:2      | Gained mutation: You possess an exceptional clarity of
                  | mind. [potion of mutation]
  1818 | D:2      | 1818 ||| READING 2 scrolls of identify.
  1818 | D:2      | 1818 ||| IDENTIFYING blue potion
  1972 | D:3      | 1972 ||| READING scroll of enchant armour.
  1972 | D:3      | 1972 ||| ENCHANTING +1 pair of gloves.
  1990 | D:3      | 1990 ||| Stepping ~*~*~tactically~*~*~ (outnumbered).
  1991 | D:3      | 1991 ||| Stepping ~*~*~tactically~*~*~ (outnumbered).
  1993 | D:3      | HP: 3/26 [orc priest/divine providence (16)]
  1994 | D:3      | 1994 ||| READING scroll of teleportation.
  2119 | D:3      | Reached XP level 5. HP: 30/30 MP: 6/6
  2449 | D:3      | 2449 ||| READING scroll labelled WASSACS ZAOFUO.
  2449 | D:3      | Identified a scroll of acquirement
  2449 | D:3      | 2449 ||| ACQUIRING ring of Mochooxt {rElec rCorr Str+3}
  2449 | D:3      | Acquired the ring of Mochooxt {rElec rCorr Str+3}
  2451 | D:3      | 2451 ||| UPGRADING to ring of Mochooxt {rElec rCorr Str+3}.
  2452 | D:3      | 2452 ||| READING scroll labelled TEUXOL BONOE.
  2453 | D:3      | 2453 ||| READING scroll labelled OTRU QEUTAYTU.
  2454 | D:3      | 2454 ||| READING 2 scrolls of identify.
  2454 | D:3      | 2454 ||| IDENTIFYING smoky clear potion
  2455 | D:3      | 2455 ||| DROPPING potion of lignification.
  2488 | D:4      | Reached skill level 5 in Ranged Weapons
  2489 | D:4      | Identified the +2 leather armour of Starshine {rF+ MP+9
                  | Dex+3}
  2529 | D:4      | Found a staircase to the Ecumenical Temple.
  2530 | D:4      | 2530 ||| PLANNING TEMPLE
  2530 | D:4      | 2530 ||| UPGRADING to +2 leather armour of Starshine {rF+
                  | MP+9 Dex+3}.
  2540 | D:4      | 2540 ||| DROPPING +0 ring mail.
  2541 | D:4      | 2541 ||| READING scroll labelled QUSSEU PAITEOXAGE.
  2557 | D:4      | Reached skill level 3 in Fighting
  2643 | Temple   | Entered the Ecumenical Temple
  2647 | Temple   | 2647 ||| PLANNING OKAWARU WORSHIP
  2815 | Temple   | Became a worshipper of Warmaster Okawaru
  2816 | Temple   | 2816 ||| PLANNING D:1-11
  2885 | D:4      | Reached XP level 6. HP: 37/37 MP: 7/7
  2991 | D:4      | Noticed a black bear
  2998 | D:4      | Killed a black bear
  2999 | D:4      | Reached skill level 6 in Ranged Weapons
  3187 | D:4      | 3187 ||| READING scroll labelled OTOUWEADWIRA.
  3213 | D:4      | 3213 ||| READING 2 scrolls of identify.
  3213 | D:4      | 3213 ||| IDENTIFYING puce potion
  3238 | D:5      | Entered Level 5 of the Dungeon
  3238 | D:5      | Noticed Menkaure
  3241 | D:5      | Killed Menkaure
  3241 | D:5      | Reached * piety under Okawaru
  3242 | D:5      | Reached XP level 7. HP: 44/44 MP: 8/8
  3250 | D:5      | 3250 ||| STAIRDANCE
  3338 | D:5      | Reached skill level 1 in Invocations
  3414 | D:5      | 3414 ||| INVOKING Heroism.
  3469 | D:5      | Noticed Pikel
  3470 | D:5      | 3470 ||| INVOKING Heroism.
  3485 | D:5      | Killed Pikel
  3486 | D:5      | Reached skill level 8 in Ranged Weapons
  3486 | D:5      | Reached XP level 8. HP: 16/48 MP: 9/9
  3612 | D:5      | 3612 ||| INVOKING Heroism.
  3658 | D:5      | Found a stormy altar of Qazlal.
  3672 | D:5      | 3672 ||| INVOKING Heroism.
  3677 | D:5      | Reached skill level 3 in Invocations
  4010 | D:5      | 4010 ||| DRINKING 2 grey potions.
  4011 | D:5      | 4011 ||| DROPPING potion of brilliance.
  4120 | D:6      | 4120 ||| INVOKING Heroism.
  4333 | D:6      | 4333 ||| SWAPPING to +0 orcbow.
  4334 | D:6      | 4334 ||| DROPPING +1 heavy sling.
  4406 | D:6      | Found a basalt altar of Yredelemnul.
  4540 | D:6      | 4540 ||| INVOKING Heroism.
  4551 | D:6      | Reached skill level 9 in Ranged Weapons
  4562 | D:6      | Reached XP level 9. HP: 54/54 MP: 12/12
  4835 | D:6      | 4835 ||| UPGRADING to +0 helmet.
  4840 | D:6      | 4840 ||| READING 4 scrolls of identify.
  4840 | D:6      | 4840 ||| IDENTIFYING pink potion
  4841 | D:6      | 4841 ||| DROPPING potion of invisibility.
  4975 | D:7      | Reached skill level 6 in Fighting
  5050 | D:7      | Noticed a hornet
  5052 | D:7      | Noticed a kobold demonologist
  5055 | D:7      | Noticed a red devil
  5055 | D:7      | 5055 ||| INVOKING Heroism.
  5057 | D:7      | Killed a hornet
  5058 | D:7      | Reached skill level 3 in Dodging
  5068 | D:7      | Noticed a soul eater
  5076 | D:7      | Noticed a sun demon
  5080 | D:7      | HP: 11/55 [wraith (4)]
  5081 | D:7      | 5081 ||| DRINKING potion of heal wounds.
  5082 | D:7      | 5082 ||| INVOKING Heroism.
  5095 | D:7      | Noticed a rust devil
  5097 | D:7      | HP: 6/55 [rust devil[a kobold demonologist] (8)]
  5099 | D:7      | Slain by a wraith

Levels and vault maps discovered:
D:1:      nzn_arrival_water_spiral, layout_basic, minmay_misc_feat_encased,
          kennysheep_nondescript, minivault_19, minmay_crystal_room,
          minivault_5, feat_on_display
D:2:      layout_basic, shapermc_ecumenical_altar_rom_forum
D:3:      layout_loops_ring, serial_forest, infiniplex_forest_clump_diagonal,
          infiniplex_forest_straight_4, infiniplex_forest_clump_tiny,
          infiniplex_forest_end_2, infiniplex_forest_straight_2,
          infiniplex_forest_straight_3, infiniplex_forest_clump_long
D:4:      layout_rooms, minmay_temple_entry_purple_smoke,
          roderic_cross_of_infinity, nicolae_kite_square_tiling_tiny,
          supply_closet_lemuel
D:5:      layout_cave_pools, nicolae_qazlal_scattered_showers,
          serial_column_ruins, column_ruins_hut, column_ruins_circle_medium,
          column_ruins_open_medium, column_ruins_columns_corner,
          column_ruins_corridor_dead_end, column_ruins_open_large,
          column_ruins_open_large, minmay_misc_feat_nine_boxes,
          minmay_tree_intersection, uniq_pikel, uniq_menkaure
D:6:      layout_loops_corners, yredelemnul_altar_generic
D:7:      minmay_the_grid_octo_2x2 [minmay_the_grid_octo_pinwheel,
          minmay_the_grid_octo_toaster, minmay_the_grid_octo_clover_2,
          minmay_the_grid_octo_prize_ultimate_mussel_roller], layout_loops_ring,
          kennysheep_pointless_box, minmay_crossroads
Temple:   nicolae_temple_bog_church

Skill      XL: |  1  2  3  4  5  6  7  8  9 |
---------------+----------------------------+-----
Ranged Weapons | 3 4 5 6 8 9 |  9.5
Fighting       | 2 3 4 5 6 |  6.0
Armour         | 1 2 |  2.5
Invocations    | 2 4 |  4.0
Dodging        | 2 3 |  3.0
Spellcasting   | |  1.0
Hexes          | |  2.6

Action                     |  1- 3 |  4- 6 |  7- 9 || total
---------------------------+-------+-------+-------++-------
   Fire: Sling             |    87 |   155 |    94 ||   336
         Orcbow            |       |       |    96 ||    96
 Invoke: Heroism           |       |       |     8 ||     8
    Use: Scroll            |     6 |    13 |     1 ||    20
         Potion            |       |     2 |     2 ||     4
 Armour: Ring mail         |    12 |    33 |       ||    45
         Robe              |     4 |       |       ||     4
         Leather armour    |       |    80 |    57 ||   137
  Dodge: Dodged            |    28 |   119 |   102 ||   249

Table legend:
 A = Non-vault XP
 B = Vault XP
 C = Vault XP percentage of total XP
 D = Non-vault monster count
 E = Vault monster count
 F = Vault count percentage of total count
                 A         B        C        D         E       F
            +---------+---------+-------+---------+---------+-------
      Total |    1913 |    1333 |  41.1 |     111 |       6 |   5.1
            +---------+---------+-------+---------+---------+-------
        D:1 |      22 |       0 |   0.0 |      14 |       0 |   0.0
        D:2 |      58 |       0 |   0.0 |      16 |       0 |   0.0
        D:3 |     148 |       0 |   0.0 |      25 |       0 |   0.0
        D:4 |     357 |       0 |   0.0 |      24 |       0 |   0.0
        D:5 |     539 |     772 |  58.9 |      15 |       2 |  11.8
        D:6 |     610 |       0 |   0.0 |      15 |       0 |   0.0
        D:7 |     179 |     561 |  75.8 |       2 |       4 |  66.7
            +---------+---------+-------+---------+---------+-------
